 Dungeon Crawl Stone Soup version 0.31-a0-854-g362426d53f (webtiles) character file.

Game seed: 13219401524693545820

663 Shayle the Trooper (level 7, -2/55 HPs)
             Began as a Demonspawn Warper on Oct 9, 2023.
             Slain by an ogre
             ... wielding a +0 giant club
              (22 damage)
             ... on level 5 of the Dungeon.
             The game lasted 00:08:32 (3531 turns).

Shayle the Trooper (Demonspawn Warper)              Turns: 3531, Time: 00:08:33

Health: -2/55      AC:  7    Str: 12    XL:     7   Next: 31%
Magic:  0/13       EV: 12    Int: 16    God:
Gold:   202        SH:  0    Dex: 18    Spells: 4/14 levels left

rFire   + . .        f - +3 whip (flame)
rCold   . . .        (no shield)
rNeg    . . .        q - +0 leather armour {rF+}
rPois   +            d - +2 helmet
rElec   .            (no cloak)
rCorr   .            (no gloves)
SInv    .            (no boots)
Will    +....        u - amulet of guardian spirit
Stlth   +            e - ring of poison resistance
HPRegen 0.29/turn    s - +6 ring of dexterity
MPRegen 0.13/turn

%: guardian spirit
@: no status effects
A: demonic guardian 1, sharp scales 1, demonic magic 1, strong-willed 1
a: no special abilities


You were on level 5 of the Dungeon.
You visited 1 branch of the dungeon, and saw 5 of its levels.

You collected 202 gold pieces.

Inventory:

Hand Weapons
 a - a +0 spear
 f - a +3 whip of flaming (weapon)
 l - a +0 short sword of draining
Missiles
 h - 14 poisoned darts
Armour
 b - a +0 leather armour
 d - a +2 helmet (worn)
 j - a +0 ring mail
 q - a +0 leather armour of fire resistance (worn)
Jewellery
 e - a ring of poison resistance (left hand)
 s - a +6 ring of dexterity (right hand)
 u - an amulet of guardian spirit (around neck)
Scrolls
 c - 3 scrolls of blinking
 g - 2 scrolls of teleportation
 o - a scroll of enchant armour {unknown}
 p - 2 scrolls of fog {unknown}
 r - a scroll of noise
 v - a scroll of silence {unknown}
Potions
 i - 2 potions of mutation
 m - a potion of haste
 t - a potion of berserk rage
 w - a potion of curing


   Skills:
 + Level 4.8 Fighting
 - Level 1.7 Polearms
 - Level 0.8 Throwing
 + Level 3.9 Armour
 - Level 1.7 Dodging
 + Level 4.3 Spellcasting
 + Level 3.5 Translocations


You had 4 spell levels left.
You knew the following spells:

 Your Spells              Type           Power      Damage    Failure   Level
a - Blink                 Tloc           28%        N/A       8%          2
b - Manifold Assault      Tloc           14%        N/A       43%         4
c - Vhi's Electric Charg  Tloc/Air       18%        N/A       69%         4

Your spell library contained the following spells:

 Spells                   Type           Power      Damage    Failure   Level
 Apportation              Tloc           28%        N/A       4%          1
 Lesser Beckoning         Tloc           28%        N/A       8%          2
 Teleport Other           Tloc           14%        N/A       14%         3
 Necrotise                Necr           12%        1d4       21%         1
 Summon Small Mammal      Summ           12%        N/A       21%         1
 Jinxbite                 Hex            6%         N/A       30%         2
 Passwall                 Tmut/Erth      2%         N/A       30%         2
 Call Canine Familiar     Summ           3%         N/A       52%         3
 Ozocubu's Armour         Ice            3%         N/A       52%         3
 Summon Guardian Golem    Hex/Summ       3%         N/A       52%         3
 Vampiric Draining        Necr           3%         2d6       52%         3
 Animate Dead             Necr           3%         N/A       90%         4
 Petrify                  Tmut/Erth      3%         N/A       90%         4
 Alistair's Intoxication  Tmut/Pois      2%         N/A       99%         5
 Arcjolt                  Conj/Air       1%         1d11      99%         5
 Conjure Ball Lightning   Conj/Air       1%         3x3d6     100%        6


Dungeon Overview and Level Annotations

Branches:
Dungeon (5/15)
 Temple: D:4-7

Altars:
Qazlal

Annotations:
D:4 Sigmund


Innate Abilities, Weirdness & Mutations

A weak demonic guardian rushes to your aid.
You are partially covered in razor-sharp scales. (AC +1, Slay +1)
Spells you cast may paralyse adjacent enemies.
You are strong-willed. (Will+)


Message History

The wight is almost destroyed.
The wight barely misses you.
You closely miss the wight.
The wight is almost destroyed.
The wight barely misses you.
You hit the wight. You burn the wight.
You destroy the wight!
Your life force feels restored.
A wight comes into view. It is wielding a +0 great sword.
Things that are here:
a +4 great sword; a +0 robe You start resting.
Magic restored.
You start resting.
HP restored.
This spell is extremely dangerous to cast!
You start memorising the spell.
You continue memorising. x4
You finish memorising.
Spell assigned to 'c'.
Found a stone staircase leading down.
An ogre comes into view. It is wielding a +0 giant club.
The ogre shouts!
The ogre closely misses you.
There is a stone staircase leading down here.
You barely miss the ogre. The ogre barely misses you.
You hit the ogre but do no damage. You hit the ogre. You burn the ogre.
The ogre is lightly wounded.
The ogre hits you but does no damage.
You hit the ogre. You burn the ogre.
The ogre is moderately wounded.
The ogre hits you with a +0 giant club!!
You hit the ogre. You burn the ogre.
The ogre is heavily wounded.
You hit the ogre but do no damage.
The ogre is heavily wounded.
The ogre hits you with a +0 giant club!
A demonic guardian appears!
You whack the ogre! You burn the ogre.
The ogre is almost dead.
The ogre hits you with a +0 giant club!!
You die...

# #.# ..# #.# #.#
#.# ### #####.####.#
#.#####
#.5.O....#.###......
#@................
#.#.##.#.###.#....
#.#.##.....).#....
#.#.####.#####....
#.#.####.....'...>
#.....##.#####....
#.#.#'##.....#....
#.#..........#....
#.#..........#....


You could see an ogre (ally target) and a friendly white imp (summoned).

Vanquished Creatures
  A black bear (D:3)
  An ogre (D:5)
  A centaur (D:5)
  A scorpion (D:4)
  A wight (D:5)
  An orc priest (D:5)
  Jessica (D:2)
  Natasha (D:2)
  An iguana (D:5)
  5 adders
  5 dart slugs
  7 orcs
  A ball python (D:2)
  2 bats (D:1)
  2 endoplasms (D:1)
  A giant cockroach (D:4)
  8 goblins
  5 hobgoblins
  4 jackals (D:1)
  5 quokkas
  A frilled lizard (D:1)
  8 kobolds
  2 rats (D:1)
65 creatures vanquished.

Vanquished Creatures (collateral kills)
  A jelly (D:5)
  Natasha (twice) (D:2)
  An orc (D:5)
4 creatures vanquished.

Grand Total: 69 creatures vanquished

Notes
Turn   | Place    | Note
-------+----------+-------------------------------------------
     0 | D:1      | Shayle the Demonspawn Warper began the quest for the Orb.
     0 | D:1      | Reached XP level 1. HP: 16/16 MP: 3/3
   148 | D:1      | Reached skill level 1 in Armour
   334 | D:1      | Gained mutation: You are partially covered in razor-sharp
                  | scales. (AC +1, Slay +1) [demonic ancestry]
   334 | D:1      | Reached XP level 2. HP: 22/22 MP: 5/5
  1022 | D:2      | Gained mutation: A weak demonic guardian rushes to your
                  | aid. [demonic ancestry]
  1022 | D:2      | Reached XP level 3. HP: 20/20 MP: 6/6
  1116 | D:2      | Noticed Natasha
  1121 | D:2      | Killed Natasha
  1233 | D:2      | Got a gaudy book
  1242 | D:2      | Noticed Jessica
  1254 | D:2      | Killed Jessica
  1255 | D:2      | Gained mutation: Spells you cast may paralyse adjacent
                  | enemies. [demonic ancestry]
  1255 | D:2      | Reached XP level 4. HP: 28/34 MP: 8/8
  1368 | D:2      | Noticed Natasha
  1381 | D:2      | Killed Natasha
  1414 | D:2      | Noticed Natasha
  1426 | D:2      | Killed Natasha
  1427 | D:2      | Reached XP level 5. HP: 32/41 MP: 9/9
  1827 | D:3      | Noticed a black bear
  1851 | D:3      | Killed a black bear
  1900 | D:3      | Reached XP level 6. HP: 45/48 MP: 11/11
  1956 | D:3      | Learned a level 2 spell: Blink
  1995 | D:3      | Found a stormy altar of Qazlal.
  2109 | D:3      | Got an embossed book
  2401 | D:3      | Learned a level 4 spell: Manifold Assault
  2593 | D:4      | Noticed Sigmund
  2720 | D:5      | Entered Level 5 of the Dungeon
  2872 | D:5      | Gained mutation: You are strong-willed. (Will+) [potion of
                  | mutation]
  3034 | D:5      | Reached XP level 7. HP: 41/55 MP: 8/13
  3514 | D:5      | Learned a level 4 spell: Vhi's Electric Charge
  3531 | D:5      | Slain by an ogre

Illustrated notes

Levels and vault maps discovered:
D:1:      nicolae_arrival_washed_ashore, layout_loops_corners
D:2:      layout_loops_ring, uniq_jessica, uniq_natasha
D:3:      layout_basic, mainiacjoe_overflow_catch_the_wave,
          minmay_misc_feat_rugged, minmay_misc_feat_chi,
          hangedman_decor_clover_reticule, due_unseen_surprise
D:4:      layout_basic, minmay_temple_entry_proselytizer, uniq_sigmund
D:5:      layout_basic

Skill      XL: |  1  2  3  4  5  6 |
---------------+-------------------+-----
Armour         | 1 2 3 |  3.9
Fighting       | 3 4 |  4.8
Spellcasting   | 3 4 |  4.3
Translocations | 3 |  3.5
Polearms       | |  1.7
Throwing       | |  0.8
Dodging        | |  1.7

Action                     |  1- 3 |  4- 6 |  7- 9 || total
---------------------------+-------+-------+-------++-------
  Melee: Spear             |    76 |       |       ||    76
         Short sword       |    20 |   126 |    25 ||   171
         Whip              |       |       |    17 ||    17
         Punch             |       |       |     2 ||     2
  Throw: Dart              |       |     7 |       ||     7
    Use: Potion            |       |     3 |       ||     3
         Scroll            |       |       |     6 ||     6
   Stab: Sleeping          |     1 |       |       ||     1
         Distracted        |       |     1 |       ||     1
 Armour: Leather armour    |     6 |    37 |    21 ||    64
         Ring mail         |    55 |    41 |       ||    96
  Dodge: Dodged            |    38 |    79 |    18 ||   135

Table legend: (Time is in decaauts)
 A = Elapsed time spent in this place.
 B = Non-inter-level travel time spent in this place.
 C = Inter-level travel time spent in this place.
 D = Time resting spent in this place.
 E = Time spent auto-exploring this place.
 F = Levels seen in this place.
 G = Mean time per level.
                   A        B        C        D        E       F      G
               +--------+--------+--------+--------+--------+-----+--------+
         Total |   3548 |   3490 |     58 |    238 |   2368 |   5 |  709.6 |
       Dungeon |   3548 |   3490 |     58 |    238 |   2368 |   5 |  709.6 |
               +--------+--------+--------+--------+--------+-----+--------+

Top non-repeatable levels by time:
     D:1: 1015 daAuts
     D:5: 811 daAuts
     D:3: 724 daAuts
     D:2: 689 daAuts
     D:4: 307 daAuts
